AoeStats
← victordh91

Arabia

505856886Analyzed
1v1 RM · 20d ago on Sep 11, 2026· 41m 17s· 2 players
Game mode
Random Map
Map size
Tiny (2 player)
Population
200
Speed
Normal
Resources
Standard
Victory
Conquest
Starting age
Dark Age
Ending age
Imperial Age
RankedLock teamsTeams togetherTeam positionsShared explorationLock speedFull tech treeHidden civsTurbo modeCheats
Victory
Defeat
🇳🇱 Franks · Netherlands
854
+15
🇨🇿 Cumans · Czechia
836
-15
Vik
6:47 Loom
10:16 Feudal Age
11:05 Double-Bit Axe
14:09 Horse Collar
24:09 Castle Age
24:14 Pikeman
25:32 Scale Mail Armor
25:51 Forging
27:38 Chain Mail Armor
34:48 Arson
36:44 Capped Ram
43:34 Imperial Age
victordh91
6:23 Loom
9:03 Feudal Age
20:02 Castle Age
19:05 Double-Bit Axe
19:26 Gold Mining
20:04 Scale Barding Armor
20:09 Forging
20:48 Husbandry
23:15 Wheelbarrow
25:39 Stone Mining
28:05 Chain Barding Armor
28:45 Iron Casting
31:05 Hand Cart
32:45 Fletching
32:56 Padded Archer Armor
32:57 Scale Mail Armor
36:51 #83
37:28 Ballistics
Connection lost

Rejoining the realm…

Still unreachable

The connection could not be restored.

Session expired

The server has moved on; the page needs a fresh start.